 Dungeon Crawl Stone Soup version 0.21.1-1-g345015f (webtiles) character file.

112 empire the Slasher (level 4, -12/39 HPs)
             Began as a Minotaur Fighter on June 1, 2018.
             Blown up by Ijyb (13 damage)
             ... with a wand of disintegration (8)
             ... on level 3 of the Dungeon.
             The game lasted 00:03:13 (1750 turns).

empire the Slasher (Minotaur Fighter)               Turns: 1750, Time: 00:03:14

Health: -12/39     AC:  7    Str: 27    XL:     4   Next: 63%
Magic:  3/3        EV: 10    Int: 10    God:
Gold:   35         SH: 10    Dex:  9    Spells: 3/3 levels left

rFire    . . .     SeeInvis .   a - +0 long sword
rCold    . . .     Gourm    .   c - +0 shield
rNeg     . . .     Faith    .   b - +0 scale mail
rPois    .         Spirit   .   (helmet restricted)
rElec    .         Reflect  .   (no cloak)
rCorr    .         Harm     .   (no gloves)
MR       .....                  (no boots)
Stlth    ..........             (no amulet)
HPRegen  0.13/turn              g - +3 ring of evasion
MPRegen  0.08/turn              (no ring)

@: mighty, brilliant
A: retaliatory headbutt, horns 2
a: no special abilities


You were on level 3 of the Dungeon.
You were hungry.

You visited 1 branch of the dungeon, and saw 3 of its levels.

You collected 35 gold pieces.

Inventory:

Hand Weapons
 a - a +0 long sword (weapon)
 t - a +2 whip of pain
Armour
 b - a +0 scale mail (worn)
 c - a +0 shield (worn)
Jewellery
 g - a +3 ring of evasion (left hand)
Scrolls
 e - 3 scrolls of remove curse {unknown}
 h - 4 scrolls of identify {unknown}
 i - 2 scrolls of enchant armour {unknown}
 j - 2 scrolls of amnesia {unknown}
 k - 2 scrolls of blinking {unknown}
 l - a scroll of magic mapping {unknown}
 q - a scroll of enchant weapon {unknown}
 r - a scroll of fear {unknown}
Potions
 d - a potion of might
 m - a potion of brilliance
 n - 2 potions of lignification {unknown}
 o - a potion of flight {unknown}
 p - a potion of heal wounds {unknown}
 s - a potion of curing {unknown}
Comestibles
 f - 5 rations
 u - 11 chunks of flesh


   Skills:
 - Level 3.6 Fighting
 * Level 5.1 Long Blades
 + Level 4.7 Armour
 - Level 3.6 Shields


You had 3 spell levels left.
You didn't know any spells.

Dungeon Overview and Level Annotations

Branches:
Dungeon (3/15)

Altars:
Hepliaklqana
Xom

Portals:
Sewer: D:3

Annotations:
D:3 Ijyb


Innate Abilities, Weirdness & Mutations

You reflexively headbutt those who attack you in melee.
You have a pair of horns on your head.


Message History

The river rat misses you.
Unknown command.
Your shield prevents you from hitting Ijyb.
You block the river rat's attack.
Ijyb zaps a wand.
You are blasted!
* * * LOW HITPOINT WARNING * * *
The river rat bites you but does no damage.
Unknown command.
You feel very mighty all of a sudden.
Ijyb zaps a wand.
You are blasted!
* * * LOW HITPOINT WARNING * * *
The river rat barely misses you.
You closely miss the river rat.
The river rat is lightly wounded.
Ijyb barely misses you. You furiously retaliate!
You headbutt Ijyb!
The river rat bites you but does no damage.
Unknown command.
It was a potion of brilliance.
You feel clever all of a sudden.
Ijyb zaps a wand.
You are blasted!
You die...

#.................#
#...........[)#
#...........))###
............))<.#####
......................
..##≈≈≈≈≈##.##........
..##≈≈≈≈≈##.##........
..≈≈.≈r..≈≈.########(#
..≈≈..†@.≈≈.... .
......∩g.≈≈....
#≈≈≈.....≈≈....
#≈≈≈.....≈≈....
#≈##≈≈.≈≈##.... #.
#≈≈.≈≈# .... (......
### ##......


You could see Ijyb and a river rat.

Vanquished Creatures
  Robin (D:3)
  A river rat (D:3)
  5 worms
  A dart slug (D:1)
  9 bats
  2 giant cockroaches
  22 goblins
  10 hobgoblins
  2 jackals (D:1)
  2 quokkas
  3 ball pythons
  2 frilled lizards
  4 kobolds
  5 rats
69 creatures vanquished.

Notes
Turn   | Place    | Note
-------+----------+-------------------------------------------
     0 | D:1      | empire the Minotaur Fighter began the quest for the Orb.
     0 | D:1      | Reached XP level 1. HP: 19/19 MP: 0/0
    99 | D:1      | Reached skill level 3 in Long Blades
   145 | D:1      | Reached XP level 2. HP: 26/26 MP: 1/1
   707 | D:2      | Reached XP level 3. HP: 31/31 MP: 2/2
   837 | D:2      | Reached skill level 4 in Long Blades
  1074 | D:2      | Found a shimmering altar of Xom.
  1075 | D:2      | Found a hazy altar of Hepliaklqana.
  1075 | D:2      | Noticed a yak
  1076 | D:2      | Noticed a yak
  1076 | D:2      | Noticed a spectral ugly thing
  1341 | D:2      | Reached XP level 4. HP: 36/39 MP: 3/3
  1683 | D:3      | Noticed Robin
  1693 | D:3      | Killed Robin
  1709 | D:3      | Reached skill level 5 in Long Blades
  1735 | D:3      | Found a glowing drain.
  1740 | D:3      | Noticed Ijyb
  1748 | D:3      | HP: 1/39 [disintegration (11)]
  1750 | D:3      | Blown up by Ijyb

Skill      XL: |  1  2  3  4 |
---------------+-------------+-----
Long Blades    | 3 4 5 |  5.1
Armour         | 4 |  4.7
Fighting       | |  3.6
Shields        | |  3.6

Action                   |  1- 3 |  4- 6 || total
-------------------------+-------+-------++-------
Melee: Long sword        |   116 |    34 ||   150
       Headbutt          |    14 |     5 ||    19
  Use: Potion            |       |     2 ||     2
  Eat: Chunk             |     2 |       ||     2
Armor: Scale mail        |    57 |    22 ||    79
Dodge: Dodged            |    58 |    28 ||    86
Block: Shield            |    77 |    32 ||   109
       Rpst.: Long sword |    13 |     7 ||    20
